 Dungeon Crawl Stone Soup version 0.27.1-34-g3ba077fa99 (webtiles) character file.

Game seed: 3878151984938949009

91 vvl the Ruffian (level 4, -2/36 HPs)
             Began as a Draconian Transmuter on Jan 19, 2022.
             Slain by an ogre (7 damage)
             ... on level 3 of the Dungeon.
             The game lasted 00:04:00 (1980 turns).

vvl the Ruffian (Draconian Transmuter)              Turns: 1980, Time: 00:04:01

Health: -2/36      AC:  7    Str: 13    XL:     4   Next: 33%
Magic:  6/7        EV: 12    Int: 13    God:
Gold:   189        SH:  0    Dex: 12    Spells: 6/7 levels left

rFire    . . .     SeeInvis .     - Unarmed
rCold    . . .     Faith    .   (no shield)
rNeg     . . .     Spirit   .   (armour unavailable)
rPois    +         Reflect  .   (helmet currently unavailable)
rElec    .         Harm     .   a - +1 cloak
rCorr    .         Rampage  .   (no gloves)
Will     .....                  (boots currently unavailable)
Stlth    +.........             (no amulet)
HPRegen  0.12/turn              g - ring of poison resistance
MPRegen  0.10/turn              (no ring)

@: appendages
A: horns 2, talons 2, AC +5, unfitting armour, cold-blooded
a: End Transformation


You were on level 3 of the Dungeon.
You had temporarily grown beastly horns and talons.
You visited 1 branch of the dungeon, and saw 3 of its levels.

You collected 189 gold pieces.

Inventory:

Armour
 a - a +1 cloak (worn)
Jewellery
 g - a ring of poison resistance (left hand)
Scrolls
 b - 3 scrolls of identify {unknown}
 c - 3 scrolls of immolation {unknown}
 d - a scroll of teleportation {unknown}
 e - a scroll of enchant weapon {unknown}
 f - a scroll of acquirement {unknown}


   Skills:
 + Level 2.1 Fighting
 + Level 2.3 Dodging
 + Level 3.4 Unarmed Combat
 + Level 2.4 Spellcasting
 * Level 3.1 Transmutations


You had 6 spell levels left.
You knew the following spells:

 Your Spells              Type           Power      Damage    Failure   Level
a - Beastly Appendage     Tmut           18%        N/A       7%          1

Your spell library contained the following spells:

 Spells                   Type           Power      Damage    Failure   Level
 Wereblood                Tmut           9%         N/A       10%         2
 Spider Form              Tmut/Pois      2%         N/A       36%         3
 Ice Form                 Ice/Tmut       5%         N/A       77%         4


Dungeon Overview and Level Annotations

Branches:
Dungeon (3/15)

Altars:
The Shining One

Shops:
D:2 [:(


Innate Abilities, Weirdness & Mutations

You have temporarily grown beastly horns and talons.
Your plain brown scales are hard. (AC +5)
You cannot fit into any form of body armour.
You are cold-blooded and may be slowed by cold attacks.


Message History

You grow a pair of large bovine horns.
Your feet morph into talons.
You completely miss the goblin.
You headbutt the goblin, but do no damage.
The goblin closely misses you. The goblin hits you but does no damage.
The goblin hits you but does no damage.
You hit the goblin. Your kick misses the goblin.
The goblin is heavily wounded.
The goblin hits you but does no damage. The goblin hits you with a +0 dagger.
You hit the goblin.
You kill the goblin!
The goblin barely misses you.
You hit the goblin but do no damage.
Your tail-slap misses the goblin.
The goblin barely misses you. The goblin misses you.
You hit the goblin. Your kick misses the goblin. You headbutt the goblin.
You kill the goblin!
The goblin hits you with a +0 dagger.
You closely miss the ogre. The goblin closely misses you. x2
You hit the ogre.
The ogre is lightly wounded.
The ogre hits you with a +0 giant club!!
Ouch! That really hurt!
* * * LOW HITPOINT WARNING * * *
The goblin barely misses you.
You are too injured to fight recklessly!
Your transformation is almost over.
The goblin hits you but does no damage.
You see here 7 arrows.
Your horns disappear.
Your talons disappear.
There is a stone staircase leading down here.
You see here 30 stones.
Casting: Beastly Appendage (safe; 7% risk of failure)
Confirm with . or Enter, or press ? or * to list all spells.
You grow a pair of large bovine horns.
Your feet morph into talons.
The ogre hits you with a +0 giant club!
* * * LOW HITPOINT WARNING * * *
You hit the ogre but do no damage. Your kick misses the ogre.
You headbutt the ogre.
The ogre is lightly wounded.
The ogre hits you with a +0 giant club!
You die...

#.#.##.g..##
#..........#
#.#.##.###.#
#...##.# #.#
#..###.###g#
#.........g#
#..###.##..#
#..# #g##g.#
#..# #@##..#
###..###O##..#
#.......g##>.#
#.#......g(..#
#.#.#######.##
#.#.# #.#
#.#.# #.#
#.#.# #.#
#.#.# ##.##
#########


You could see an ogre and 3 goblins.

Vanquished Creatures
  Terence (D:2)
  A gnoll (D:1)
  2 adders (D:2)
  A worm (D:2)
  3 dart slugs
  An orc (D:3)
  An endoplasm (D:2)
  A giant cockroach (D:2)
  4 goblins
  3 hobgoblins (D:1)
  A kobold (D:1)
  3 quokkas (D:1)
  3 ball pythons (D:2)
  2 bats
27 creatures vanquished.

Notes
Turn   | Place    | Note
-------+----------+-------------------------------------------
     0 | D:1      | vvl the Draconian Transmuter began the quest for the Orb.
     0 | D:1      | Reached XP level 1. HP: 16/16 MP: 3/3
   524 | D:1      | Reached XP level 2. HP: 23/23 MP: 3/5
   578 | D:1      | Found a faded altar of an unknown god.
   940 | D:2      | Reached XP level 3. HP: 19/28 MP: 6/6
  1052 | D:2      | Found a glowing golden altar of the Shining One.
  1103 | D:2      | Found Egixisch's Weapon Shoppe.
  1231 | D:2      | Noticed Terence
  1244 | D:2      | Killed Terence
  1245 | D:2      | Reached XP level 4. HP: 25/36 MP: 5/7
  1346 | D:2      | Found Seimuq's Book Shop.
  1475 | D:2      | Found Jalyopne's Antique Armour Shoppe.
  1942 | D:3      | Noticed an ogre
  1980 | D:3      | Slain by an ogre

Illustrated notes

Levels and vault maps discovered:
D:1:      psy_arrival_dodecagon, layout_loops_ring,
          dreamdust_ecumenical_altar_angels_and_demons
D:2:      layout_rooms, serial_shops, nicolae_shop_trees,
          nicolae_shop_behind_doors, shop_coins, basic_altar, serial_rivers,
          chequers_serial_rivers_marsh, chequers_serial_rivers_micro_b,
          chequers_serial_rivers_micro_a, chequers_serial_rivers_room_a,
          chequers_serial_rivers_small_a, uniq_terence
D:3:      layout_loops_ring, mainiacjoe_overflow_catwalk, minmay_ogre_servants

Skill      XL: |  1  2  3 |
---------------+----------+-----
Dodging        | 2 |  2.3
Fighting       | 2 |  2.1
Transmutations | 3 |  3.1
Unarmed Combat | |  3.4
Spellcasting   | |  2.4

Action                   |  1- 3 |  4- 6 || total
-------------------------+-------+-------++-------
Melee: Unarmed           |    64 |    23 ||    87
       Kick              |    11 |     1 ||    12
       Tailslap          |    10 |       ||    10
       Headbutt          |     6 |     4 ||    10
       Punch             |     1 |       ||     1
 Cast: Beastly Appendage |    16 |     5 ||    21
Armor: Skin              |    19 |     9 ||    28
Dodge: Dodged            |    28 |    17 ||    45
